 Dungeon Crawl Stone Soup version 0.22-a0-110-g5b255cf (webtiles) character file.

3816 SnubMonkey the Archer (level 9, -4/82 HPs)
             Began as a Centaur Hunter on Jan 27, 2018.
             Was a Priest of Okawaru.
             Killed from afar by a raiju (9 damage)
             ... with a living lightning
             ... on level 2 of the Abyss.
             The game lasted 00:25:41 (9783 turns).

SnubMonkey the Archer (Centaur Hunter)              Turns: 9783, Time: 00:25:43

Health: -4/82      AC: 10    Str: 17    XL:     9   Next: 97%
Magic:  12/12      EV:  8    Int: 10    God:    Okawaru [***...]
Gold:   297        SH:  0    Dex: 11    Spells: 8/8 levels left

rFire    . . .     SeeInvis .   a - +1 shortbow
rCold    + . .     Gourm    .   (shield currently unavailable)
rNeg     . . .     Faith    .   j - +4 ring mail
rPois    .         Spirit   .   x - +0 helmet
rElec    .         Reflect  .   (no cloak)
rCorr    .         Harm     .   (no gloves)
MR       .....                  (no barding)
Stlth    ..........             (no amulet)
HPRegen  0.00/turn              p - ring of protection from cold
MPRegen  0.13/turn              E - ring of wizardry

@: about to teleport, non-regenerating, diseased, very quick
A: large, hooves 3, deformed body, speed 2, tough skin 3
a: Heroism, Renounce Religion


You were on level 2 of the Abyss.
You worshipped Okawaru.
Okawaru was most pleased with you.
You were not hungry.

You visited 2 branches of the dungeon, and saw 10 of its levels.
You visited the Abyss 1 time.

You collected 297 gold pieces.

Inventory:

Hand Weapons
 a - a +1 shortbow (weapon)
 b - a +0 dagger of venom
 C - a +0 quarterstaff
Missiles
 z - 37 arrows (quivered)
Armour
 j - a +4 ring mail (worn)
 r - a +2 robe of magic resistance
 t - a +2 leather armour of fire resistance
 x - a +0 helmet (worn)
 A - a +1 robe of the Archmagi
Jewellery
 p - a ring of protection from cold (left hand)
 E - a ring of wizardry (right hand)
 F - a +3 ring of slaying {unknown}
Wands
 c - a wand of paralysis (18)
 y - a wand of scattershot (5)
 K - a wand of polymorph (15)
Scrolls
 d - 2 scrolls of enchant weapon {unknown}
 g - a scroll of fear {unknown}
 h - a scroll of identify
 k - a scroll of immolation {unknown}
 l - a scroll of enchant armour {unknown}
 o - 5 scrolls of remove curse
 s - a scroll of random uselessness {unknown}
 u - 2 scrolls of teleportation
 D - a scroll of blinking {unknown}
 G - a scroll of amnesia {unknown}
 I - a scroll of holy word {unknown}
Potions
 e - 2 potions of haste
 i - 2 potions of might
 m - 2 potions of cancellation
 n - 4 potions of invisibility
 q - a potion of curing
 v - 2 potions of degeneration {unknown}
 w - a potion of berserk rage {unknown}
 B - a potion of flight {unknown}
 J - 2 potions of lignification {unknown}
Comestibles
 f - 10 rations
 H - 2 chunks of flesh


   Skills:
 + Level 8.7 Fighting
 * Level 1.1 Staves
 - Level 14.0 Bows
 + Level 0.5 Armour
 - Level 1.3 Dodging
 - Level 0.4 Stealth
 + Level 4.7 Invocations


You had 8 spell levels left.
You didn't know any spells.

Dungeon Overview and Level Annotations

Branches:
Dungeon (9/15)             Temple (1/1) D:4
   Lair: D:8-11         Orc: D:9-12

Altars:
Ashenzari
Cheibriados
Dithmenos
Elyvilon
Fedhas
Hepliaklqana
Kikubaaqudgha
Makhleb
Okawaru
Qazlal
Ru
Sif Muna
Trog
Uskayaw
Vehumet
Wu Jian
Xom
Yredelemnul
Zin

Shops:
D:5 :

Annotations:
D:5 2 transporters
D:9 Erolcha


Innate Abilities, Weirdness & Mutations

You have hooves in place of feet.
Armour fits poorly on your strangely shaped body.
You cover ground very quickly.
You have extremely tough skin. (AC +3)


Message History

Eating one of 3 chunks of flesh.
You eat one of the 3 chunks of flesh.
This raw flesh tastes terrible.
A raiju comes into view. 2 raiju come into view.
The raiju barks!
You feel yourself growing ill in the presence of the ancient zyme.
An ancient zyme comes into view.
As you read the scroll of teleportation, it crumbles to dust.
You feel strangely unstable.
You feel the power of the Abyss delaying your translocation!
You feel ill.
The raiju bursts into living lightning!
The living lightning hits you!
* * * LOW HITPOINT WARNING * * *
The raiju blinks!
The raiju bursts into living lightning!
The living lightning hits you!
* * * LOW HITPOINT WARNING * * *
The living lightning hits you!
You die...

#...# ##
##..##.# #.# .#
..# #§# #####
.#. ..##.#.. #.
#.#.##..#..#.
.#.#§#..##......
#..#.#§.#.# . ..
###@.§h##
##.§....##
§§.##§..###
#..##.§#..#.# ##
#..#.§##.####
#.##..§......#
..##.## ..#..##
....#...§#..#.#
....#.#.##h.#


You could see a raiju.

Vanquished Creatures
  A two-headed ogre (D:8)
  The ghost of ThereIsNoGod the Geomancer, a novice FoEE of Cheibriados (D:6)
  Sigmund (D:3)
  Duvessa (D:4)
  3 orc warriors
  A phantom (D:7)
  3 ogres
  A centaur (D:9)
  A big kobold (D:5)
  The ghost of Tovarisch the Grave Robber, an amateur DENe (D:4)
  3 bullfrogs
  A water moccasin zombie (D:6)
  A wyvern zombie (D:6)
  A scorpion (D:6)
  Dowan (D:4)
  A howler monkey (D:5)
  A crimson imp (D:5)
  A centaur zombie (D:5)
  5 hounds
  4 orc priests
  2 jellies (D:5)
  3 bullfrog skeletons
  A centaur skeleton (D:7)
  8 orc wizards
  3 worker ants
  Robin (D:2)
  10 adders
  A howler monkey skeleton (D:5)
  2 shadow imps
  An ooze (D:3)
  2 worms
  3 leopard geckos
  27 orcs
  4 bats
  6 giant cockroaches
  12 goblins
  7 hobgoblins
  14 jackals
  11 kobolds
  2 quokkas
  5 frilled lizards
  A giant cockroach zombie (D:5)
  A leopard gecko skeleton (D:7)
  7 rats
167 creatures vanquished.

Notes
Turn   | Place    | Note
-------+----------+-------------------------------------------
     0 | D:1      | SnubMonkey the Centaur Hunter began the quest for the Orb.
     0 | D:1      | Reached XP level 1. HP: 17/17 MP: 1/1
   236 | D:1      | Reached XP level 2. HP: 24/24 MP: 2/2
   378 | D:1      | Reached skill level 6 in Bows
   521 | D:1      | You fall through a shaft!
   619 | D:2      | Reached XP level 3. HP: 29/29 MP: 3/3
   815 | D:2      | Reached skill level 7 in Bows
  1280 | D:2      | Reached XP level 4. HP: 36/36 MP: 4/4
  1651 | D:2      | Reached skill level 8 in Bows
  1720 | D:2      | Noticed Robin
  2053 | D:2      | Killed Robin
  2060 | D:2      | Reached XP level 5. HP: 41/41 MP: 5/5
  2390 | D:3      | Noticed Sigmund
  2575 | D:3      | Killed Sigmund
  2575 | D:3      | Reached skill level 9 in Bows
  2575 | D:3      | Reached XP level 6. HP: 26/48 MP: 6/6
  2869 | D:3      | Reached skill level 10 in Bows
  3500 | D:4      | Noticed Tovarisch's ghost (amateur DENe)
  3531 | D:4      | Killed Tovarisch's ghost
  4089 | D:4      | Reached XP level 7. HP: 56/56 MP: 7/7
  4123 | D:4      | Noticed Duvessa
  4123 | D:4      | Noticed Dowan
  4138 | D:4      | Killed Dowan
  4200 | D:4      | Killed Duvessa
  4200 | D:4      | Reached skill level 11 in Bows
  4348 | D:4      | Found a burning altar of Makhleb.
  4512 | D:4      | Found a staircase to the Ecumenical Temple.
  4518 | Temple   | Entered the Ecumenical Temple
  4638 | Temple   | Became a worshipper of Warmaster Okawaru
  4858 | D:5      | Entered Level 5 of the Dungeon
  4877 | D:5      | Found Beapp's Book Boutique.
  5071 | D:5      | Reached skill level 1 in Invocations
  5437 | D:5      | Reached XP level 8. HP: 60/66 MP: 9/9
  5479 | D:5      | Found a transporter.
  5481 | D:5      | Found a transporter.
  5483 | D:5      | Noticed a skeletal warrior
  5491 | D:5      | Found an ornate altar of the Wu Jian Council.
  5602 | D:5      | Reached skill level 12 in Bows
  5620 | D:5      | Reached * piety under Okawaru
  5974 | D:6      | Found a stormy altar of Qazlal.
  5974 | D:6      | Found a glowing silver altar of Zin.
  5974 | D:6      | Found a snail-covered altar of Cheibriados.
  5974 | D:6      | Found a shattered altar of Ashenzari.
  5974 | D:6      | Found a bloodstained altar of Trog.
  5974 | D:6      | Found a shimmering altar of Xom.
  6360 | D:6      | Found a sacrificial altar of Ru.
  6715 | D:6      | Reached skill level 5 in Fighting
  6745 | D:6      | Noticed ThereIsNoGod's ghost (novice FoEE)
  6929 | D:6      | Killed ThereIsNoGod's ghost
  6929 | D:6      | Reached ** piety under Okawaru
  6929 | D:6      | Reached skill level 13 in Bows
  6929 | D:6      | Reached XP level 9. HP: 43/74 MP: 10/12
  7175 | D:6      | Found a snail-covered altar of Cheibriados.
  7846 | D:7      | Reached skill level 14 in Bows
  8511 | D:8      | Noticed a two-headed ogre
  8555 | D:8      | Killed a two-headed ogre
  8555 | D:8      | Reached *** piety under Okawaru
  9653 | D:9      | Reached skill level 1 in Staves
  9686 | D:9      | Noticed Erolcha
  9698 | D:9      | Cast into level 2 of the Abyss (Erolcha)
  9698 | Abyss:2  | Found a corrupted altar of Lugonu.
  9777 | Abyss:2  | Noticed an ancient zyme
  9783 | Abyss:2  | Killed from afar by a raiju

Vault maps used:
D:1:      matt_arrival_grand_opening
D:2:      uniq_robin
D:3:      uniq_sigmund
D:4:      minmay_temple_entry_trees, first_ration, makhleb_blood_cavern_becter,
          uniq_duvessa
D:5:      gammafunk_temple_overflow_arena, serial_shops, shop,
          minmay_crystal_room, grunt_ministairs_3
D:6:      grunt_temple_overflow_open, cheibrodos_worm_habitat
D:9:      minmay_curly_fans, marbit_many_paths, uniq_erolcha
Temple:   oiseaux_autumnal_temple

Skill      XL: |  1  2  3  4  5  6  7  8  9 |
---------------+----------------------------+-----
Bows           | 6 7 8 9 10 11 13 14 | 14.0
Fighting       | 4 5 8 |  8.7
Invocations    | 1 4 |  4.7
Staves         | 1 |  1.1
Armour         | |  0.5
Dodging        | |  1.3
Stealth        | |  0.4

Action                   |  1- 3 |  4- 6 |  7- 9 || total
-------------------------+-------+-------+-------++-------
Melee: Short sword       |       |    55 |       ||    55
       Kick              |       |     8 |    27 ||    35
       Dagger            |       |       |    71 ||    71
 Fire: Shortbow          |    93 |   168 |   392 ||   653
  Use: Scroll            |       |     3 |     6 ||     9
       Potion            |       |     1 |       ||     1
  Eat: Chunk             |       |     7 |    10 ||    17
       Ration            |       |       |     1 ||     1
Armor: Leather armour    |     7 |    20 |       ||    27
       Animal skin       |       |    11 |       ||    11
       Ring mail         |       |     8 |    63 ||    71
Dodge: Dodged            |    10 |    64 |    46 ||   120

Table legend:
 A = Spawn XP
 B = Non-spawn XP
 C = Spawn XP percentage of total XP
 D = Spawn monster count
 E = Non-spawn monster count
 F = Spawn count percentage of total count
 G = Total turns spent on level
                    A         B        C        D         E        F      G
               +---------+---------+-------+---------+---------+-------+---------
         Total |       0 |    5452 |   0.0 |       0 |     167 |   0.0 |  9783
               +---------+---------+-------+---------+---------+-------+---------
           D:1 |       0 |      34 |   0.0 |       0 |      19 |   0.0 |   952
           D:2 |       0 |     164 |   0.0 |       0 |      36 |   0.0 |  1472
           D:3 |       0 |     284 |   0.0 |       0 |      18 |   0.0 |   845
           D:4 |       0 |     629 |   0.0 |       0 |      20 |   0.0 |  1439
           D:5 |       0 |     847 |   0.0 |       0 |      26 |   0.0 |  1378
           D:6 |       0 |    1297 |   0.0 |       0 |      17 |   0.0 |  1245
           D:7 |       0 |     713 |   0.0 |       0 |      16 |   0.0 |   792
           D:8 |       0 |    1054 |   0.0 |       0 |       7 |   0.0 |  1110
           D:9 |       0 |     430 |   0.0 |       0 |       8 |   0.0 |   315
               +---------+---------+-------+---------+---------+-------+---------
